 Dungeon Crawl Stone Soup version 0.28-a0-909-g796cbd3a86 (webtiles) character file.

Game seed: 11847855834591482344

7189 oldmanjim the Severer (level 11, -2/89 HPs)
             Began as a Hill Orc Fighter on Nov 24, 2021.
             Was an Elder of Beogh.
             Slain by a troll (3 damage)
             ... on level 11 of the Dungeon on Nov 25, 2021.
             The game lasted 00:59:04 (11637 turns).

oldmanjim the Severer (Hill Orc Fighter)           Turns: 11637, Time: 00:59:04

Health: -2/89      AC: 22    Str: 23    XL:     11   Next: 11%
Magic:  17/17      EV:  6    Int:  8    God:    Beogh [****..]
Gold:   507        SH:  4    Dex: 10    Spells: 10/10 levels left

rFire   . . .      SeeInvis .   a - +1 war axe (protect)
rCold   . . .      Faith    .   c - +0 buckler
rNeg    . . .      Spirit   .   i - +0 plate armour
rPois   +          Reflect  .   t - +2 helmet
rElec   .          Harm     .   (no cloak)
rCorr   .          Rampage  .   (no gloves)
Will    +....                   (no boots)
Stlth   ..........              h - amulet of magic regeneration
HPRegen 0.24/turn               v - ring of willpower
MPRegen 0.40/turn               A - ring of poison resistance

@: under a protective aura
A: no striking features
a: Renounce Religion, Smiting, Recall Orcish Followers


You were on level 11 of the Dungeon.
You worshipped Beogh.
Beogh was greatly pleased with you.
You visited 2 branches of the dungeon, and saw 12 of its levels.

You collected 507 gold pieces.

Inventory:

Hand Weapons
 a - a +1 war axe of protection (weapon)
 b - a +0 hunting sling
 l - a +3 mace
 J - a +1 broad axe of flaming
 M - a +2 shortbow of flaming
 O - a +0 hand crossbow
Missiles
 e - 239 stones
 k - 70 bolts
 m - 5 curare-tipped darts
 o - 103 sling bullets
 s - 41 poisoned darts
 u - 4 javelins
 w - 261 arrows
 x - 9 boomerangs (quivered)
 D - 5 boomerangs of dispersal
 N - 2 silver boomerangs
Armour
 c - a +0 buckler (worn)
 i - a +0 plate armour (worn)
 t - a +2 helmet (worn)
Jewellery
 h - an amulet of magic regeneration (around neck)
 v - a ring of willpower (left hand)
 z - a ring of protection from cold
 A - a ring of poison resistance (right hand)
 E - a ring of wizardry
 F - a +6 ring of intelligence
Wands
 y - a wand of flame (11)
 L - a wand of paralysis (9)
Scrolls
 n - 5 scrolls of identify
 r - a scroll of enchant armour
 G - a scroll of teleportation {unknown}
 H - 2 scrolls of enchant weapon
 I - a scroll of magic mapping {unknown}
 K - 2 scrolls of blinking {unknown}
 R - a scroll of fog {unknown}
Potions
 d - 2 potions of might
 f - a potion of cancellation
 g - 5 potions of curing
 j - 4 potions of heal wounds
 p - 3 potions of lignification
 q - 2 potions of flight {unknown}
 B - 2 potions of mutation
 C - 2 potions of ambrosia {unknown}
 P - a potion of degeneration {unknown}
 Q - a potion of haste {unknown}


   Skills:
 - Level 6.0 Fighting
 + Level 17.9 Axes
 - Level 6.0 Armour
 - Level 4.0 Shields
 - Level 8.0 Invocations
 - Level 2.0 Evocations


You had 10 spell levels left.
You didn't know any spells.
Your spell library contained the following spells:

 Spells                   Type           Power      Damage    Failure   Level
 Animate Skeleton         Necr           0%         N/A       100%        1
 Apportation              Tloc           0%         N/A       100%        1
 Foxfire                  Conj/Fire      0%         2x1d4     100%        1
 Summon Small Mammal      Summ           0%         N/A       100%        1
 Conjure Flame            Conj/Fire      0%         6-21      100%        3
 Inner Flame              Hex/Fire       0%         N/A       100%        3
 Flame Wave               Conj/Fire      0%         3d3       100%        4


Dungeon Overview and Level Annotations

Branches:
Dungeon (12/15)            Temple (1/1) D:7            Lair (0/6) D:9
    Orc (0/2) D:9

Altars:
Ashenzari
Cheibriados
Dithmenos
Elyvilon
Fedhas
Gozag
Hepliaklqana
Kikubaaqudgha
Makhleb
Nemelex Xobeh
Okawaru
Qazlal
Ru
Sif Muna
Trog
Uskayaw
Vehumet
Wu Jian
Xom
Yredelemnul
Zin
The Shining One
Beogh

Shops:
D:1 :(


Message History

The boulder beetle is heavily wounded.
You closely miss the troll. The troll bites you! The troll claws you.
The troll claws you but does no damage. The boulder beetle bites you!
You are too injured to fight recklessly!
You are too injured to fight recklessly!
You hit the boulder beetle but do no damage.
The boulder beetle is heavily wounded.
You hit the troll but do no damage. The troll bites you but does no damage.
The troll completely misses you. You block the troll's attack.
You hit the boulder beetle.
The boulder beetle is heavily wounded.
You hit the troll.
The boulder beetle completely misses you.
You hit the boulder beetle but do no damage.
The boulder beetle is heavily wounded.
You hit the troll. The troll bites you but does no damage. The troll claws you.
You block the troll's attack. The boulder beetle bites you!
* * * LOW HITPOINT WARNING * * *
You slash the boulder beetle!
The boulder beetle is severely wounded.
You closely miss the troll. The troll closely misses you.
The troll barely misses you. You block the troll's attack.
You slash the boulder beetle!
The boulder beetle is almost dead.
You hit the troll but do no damage. The boulder beetle barely misses you.
You hit the boulder beetle.
The boulder beetle is almost dead.
You barely miss the troll. The troll bites you but does no damage.
You block the troll's attack. x2; The boulder beetle bites you!
* * * LOW HITPOINT WARNING * * *
You hit the boulder beetle but do no damage.
The boulder beetle is almost dead.
You closely miss the troll. The troll bites you but does no damage.
The troll claws you but does no damage. x2
You hit the boulder beetle.
The boulder beetle is almost dead.
You slash the troll! The boulder beetle bites you.
* * * LOW HITPOINT WARNING * * *
The troll bites you.
You die...

###
###B.+
+T@.#
#####


You could see a boulder beetle and a troll.

Vanquished Creatures
  Maggie (D:7)
  A komodo dragon (D:8)
  2 kobold demonologists (D:4)
  Grinder (D:3)
  A wraith (D:9)
  2 wyverns (D:9)
  6 yaks (D:9)
  A basilisk (D:9)
  A steam dragon (D:9)
  Menkaure (D:6)
  3 water moccasins (D:9)
  A hornet zombie (D:7)
  3 ice beasts
  2 sky beasts
  2 orc warriors
  A black bear (D:9)
  4 ogres
  3 wolves (D:9)
  5 centaurs
  Blork the orc (D:6)
  3 kobold brigands
  2 bullfrogs
  3 scorpions
  A wyvern zombie (D:9)
  4 killer bees (D:7)
  3 wights (D:6)
  A jelly (D:7)
  4 howler monkeys
  A quasit (D:5)
  A hound (D:5)
  A centaur zombie (D:7)
  6 orc priests
  3 centaur skeletons
  2 bullfrog skeletons
  3 iguanas
  3 orc wizards (D:4)
  A gnoll shaman (D:5)
  Natasha (thrice) (D:3)
  Terence (D:3)
  2 hound skeletons
  Robin (D:2)
  4 gnolls (D:5)
  6 adders
  2 white imps
  2 ufetubi (D:5)
  A worm (D:3)
  A dart slug (D:2)
  29 orcs
  6 endoplasms
  3 giant cockroaches (D:1)
  19 goblins
  10 hobgoblins
  5 jackals
  16 kobolds
  A quokka (D:1)
  7 ball pythons
  8 bats
  6 frilled lizards
  A goblin skeleton (D:5)
  A hobgoblin zombie (D:5)
  3 kobold skeletons (D:5)
  2 kobold zombies (D:5)
  2 orc skeletons (D:5)
  An orc zombie (D:5)
  7 rats
234 creatures vanquished.

Vanquished Creatures (collateral kills)
  A centaur (D:8)
  A wolf (D:9)
  A kobold brigand (D:9)
  A howler monkey (D:8)
  11 orcs
  3 kobolds
  A bush (D:9)
19 creatures vanquished.

Vanquished Creatures (others)
  An orc warrior (D:9)
  3 orc priests
  18 orcs
  A bat (D:3)
  2 fungi (D:9)
  6 plants (D:9)
  4 toadstools (D:1)
35 creatures vanquished.

Grand Total: 288 creatures vanquished

Notes
Turn   | Place    | Note
-------+----------+-------------------------------------------
     0 | D:1      | oldmanjim the Hill Orc Fighter began the quest for the Orb.
     0 | D:1      | Reached XP level 1. HP: 19/19 MP: 1/1
   148 | D:1      | Reached XP level 2. HP: 23/27 MP: 2/2
   294 | D:1      | Reached skill level 3 in Axes
   567 | D:1      | Found Xirips's Book Boutique.
   776 | D:1      | Found Tob Quwa's Antique Weapon Shoppe.
   784 | D:1      | Reached XP level 3. HP: 33/33 MP: 3/3
  1297 | D:2      | Noticed Robin
  1319 | D:2      | Reached XP level 4. HP: 27/40 MP: 4/4
  1511 | D:2      | Reached skill level 4 in Axes
  1595 | D:2      | Killed Robin
  1809 | D:2      | Reached skill level 5 in Axes
  1993 | D:2      | Reached XP level 5. HP: 46/46 MP: 5/5
  2426 | D:3      | Noticed Natasha
  2443 | D:3      | Killed Natasha
  2697 | D:3      | Became a worshipper of Beogh the Brigand
  2771 | D:3      | Noticed Terence
  2869 | D:3      | Noticed Grinder
  2896 | D:3      | Paralysed by Grinder for 4 turns
  2908 | D:3      | Killed Grinder
  2909 | D:3      | Reached skill level 7 in Axes
  2909 | D:3      | Reached XP level 6. HP: 13/52 MP: 5/8
  3403 | D:3      | Found a faded altar of an unknown god.
  3460 | D:3      | Noticed Natasha
  3478 | D:3      | Killed Natasha
  3568 | D:3      | Noticed Natasha
  3578 | D:3      | Killed Natasha
  3728 | D:3      | Killed Terence
  3729 | D:3      | Reached XP level 7. HP: 25/59 MP: 8/10
  4469 | D:3      | Found a faded altar of an unknown god.
  4715 | D:4      | Reached skill level 8 in Axes
  5083 | D:4      | Reached skill level 9 in Axes
  5083 | D:4      | Reached skill level 5 in Invocations
  5083 | D:4      | Reached * piety under Beogh
  5089 | D:4      | HP: 1/59 [orc priest/divine providence (16)]
  5466 | D:4      | Found a bloodstained altar of Trog.
  5477 | D:4      | Found a sparkling altar of Nemelex Xobeh.
  5591 | D:4      | Reached XP level 8. HP: 58/66 MP: 11/11
  5595 | D:4      | Reached skill level 10 in Axes
  5655 | D:4      | Found a hide-covered altar of Uskayaw.
  5845 | D:5      | Entered Level 5 of the Dungeon
  5948 | D:5      | Noticed a kobold demonologist
  5953 | D:5      | Noticed a kobold demonologist
  5961 | D:5      | Noticed a soul eater
  6017 | D:4      | Killed a kobold demonologist
  6018 | D:4      | Reached skill level 5 in Fighting
  6018 | D:4      | Reached skill level 11 in Axes
  6130 | D:4      | Killed a kobold demonologist
  6131 | D:4      | Reached skill level 5 in Armour
  6131 | D:4      | Reached XP level 9. HP: 74/74 MP: 13/13
  6146 | D:5      | Reached skill level 12 in Axes
  6329 | D:5      | Found a glowing golden altar of the Shining One.
  6334 | D:5      | Reached ** piety under Beogh
  7060 | D:6      | Found a stormy altar of Qazlal.
  7104 | D:6      | Noticed Menkaure
  7113 | D:6      | Killed Menkaure
  7114 | D:6      | Reached skill level 13 in Axes
  7677 | D:6      | Noticed Blork the orc
  7687 | D:6      | Killed Blork the orc
  7757 | D:6      | Reached *** piety under Beogh
  8066 | D:7      | Reached skill level 1 in Evocations
  8094 | D:7      | Found a staircase to the Ecumenical Temple.
  8130 | Temple   | Entered the Ecumenical Temple
  8432 | D:7      | Found an ancient bone altar of Kikubaaqudgha.
  8441 | D:7      | Reached XP level 10. HP: 78/83 MP: 16/16
  8460 | D:7      | Found a shadowy altar of Dithmenos.
  8622 | D:7      | Reached skill level 14 in Axes
  8657 | D:7      | Noticed Maggie
  8677 | D:7      | Killed Maggie
  9895 | D:8      | Reached skill level 15 in Axes
 10186 | D:8      | Found a roughly hewn altar of Beogh.
 10584 | D:9      | Found a staircase to the Orcish Mines.
 10613 | D:9      | Found a staircase to the Lair.
 10633 | D:9      | Reached skill level 16 in Axes
 10639 | D:9      | Reached **** piety under Beogh
 11181 | D:9      | Reached skill level 17 in Axes
 11195 | D:9      | Reached XP level 11. HP: 52/89 MP: 17/17
 11215 | D:9      | Gained Garbold as an ally
 11572 | D:9      | You fall into a shaft and drop 3 floors!
 11578 | D:12     | Noticed a two-headed ogre
 11616 | D:12     | Noticed a boulder beetle
 11637 | D:11     | HP: 1/89 [boulder beetle (6)]
 11637 | D:11     | Slain by a troll

Illustrated notes

Levels and vault maps discovered:
D:1:      erik_arrival_orb_chamber, layout_loops_ring, serial_shops,
          nicolae_diamond_shop, nicolae_shop_advertising_works
          [nicolae_subvault_shop_adworks], minmay_gold_behind_fungi,
          minmay_misc_feat_nine_boxes
D:2:      layout_rooms, uniq_robin
D:3:      layout_loops_corners, shapermc_ecumenical_altar_venn, uniq_natasha,
          uniq_grinder, uniq_terence
D:4:      layout_basic, amethyst_overflow_temple_binary,
          mainiacjoe_overflow_small_starburst, corexii_item_surrounded_by_moat
D:5:      layout_cave_pools, nicolae_tso_besieged_by_evil,
          grunt_decor_resistance, roderic_roman_lattice, minmay_fountain_box
D:6:      layout_rooms, kennysheep_little_box, uniq_menkaure, uniq_blork_the_orc
D:7:      layout_basic, gammafunk_temple_overflow_pools,
          minmay_temple_entry_arrows, hangedman_abyss_or_decor_stabs,
          uniq_maggie
D:8:      layout_basic, special_room [special_room_orc], lightli_orcish_oven
D:9:      layout_roguey [special_room_bee], minmay_lair_entry_grove,
          orc_0_dummy, eino_house_with_fridge, uniq_psyche
D:11:     layout_roguey, uniq_erica
D:12:     layout_small_grid, chequers_serial_rivers_micro_a
Temple:   eino_wide_crystal_templ

Skill      XL: |  1  2  3  4  5  6  7  8  9 10 |
---------------+-------------------------------+-----
Axes           | 3 5 7 9 11 13 17 | 17.9
Fighting       | 4 5 6 |  6.0
Shields        | 4 |  4.0
Armour         | 4 5 6 |  6.0
Invocations    | 3 4 5 6 8 |  8.0
Evocations     | 2 |  2.0

Action                   |  1- 3 |  4- 6 |  7- 9 | 10-12 || total
-------------------------+-------+-------+-------+-------++-------
Melee: War axe           |   127 |   126 |   290 |   253 ||   796
 Fire: Hunting sling     |     1 |    32 |    64 |       ||    97
Invok: Convert to Beogh  |       |     1 |       |       ||     1
       Smiting           |       |       |       |     2 ||     2
  Use: Scroll            |       |       |     9 |       ||     9
Armor: Scale mail        |    27 |       |       |       ||    27
       Plate armour      |    72 |    80 |   232 |   143 ||   527
Dodge: Dodged            |    56 |    31 |    86 |    48 ||   221
Block: Buckler           |    25 |    25 |    60 |    42 ||   152

Table legend: (Time is in decaauts)
 A = Elapsed time spent in this place.
 B = Non-inter-level travel time spent in this place.
 C = Inter-level travel time spent in this place.
 D = Time resting spent in this place.
 E = Time spent auto-exploring this place.
 F = Levels seen in this place.
 G = Mean time per level.
                   A        B        C        D        E       F      G
               +--------+--------+--------+--------+--------+-----+--------+
         Total |  11621 |  11374 |    247 |   2206 |   7095 |  12 |  968.4 |
       Dungeon |  11424 |  11200 |    224 |   2206 |   6933 |  11 | 1038.5 |
        Temple |    197 |    175 |     22 |      0 |    162 |   1 |  197.0 |
               +--------+--------+--------+--------+--------+-----+--------+

Top non-repeatable levels by time:
     D:3: 2423 daAuts
     D:4: 1510 daAuts
     D:8: 1271 daAuts
     D:1: 1252 daAuts
     D:9: 1020 daAuts
     D:5: 1019 daAuts
     D:6: 995 daAuts
     D:7: 975 daAuts
     D:2: 899 daAuts
  Temple: 197 daAuts
    D:12: 44 daAuts
    D:11: 11 daAuts
